 Dungeon Crawl Stone Soup version 0.29.0-4-gdea44cf6ec (webtiles) character file.

Game seed: 17729274290269185556

143 qw the Ruffian (level 5, -1/50 HPs)
             Began as a Troll Cinder Acolyte on Aug 30, 2022.
             Was a High Priest of Ignis.
             Slain by a necrophage (3 damage)
             ... on level 4 of the Dungeon.
             The game lasted 00:01:09 (1973 turns).

qw the Ruffian (Troll Cinder Acolyte)               Turns: 1973, Time: 00:01:09

Health: -1/50      AC: 11    Str: 24    XL:     5   Next: 4%
Magic:  5/5        EV:  8    Int: 10    God:    Ignis [*****.]
Gold:   178        SH:  6    Dex:  5    Spells: 6/6 levels left

rFire   + . .      SeeInvis +     - Unarmed
rCold   . . .      Faith    .   b - +0 kite shield "Vubasyh" {SInv}
rNeg    . . .      Spirit   .   a - +0 robe
rPois   .          Reflect  .   (helmet restricted)
rElec   .          Harm     .   (no cloak)
rCorr   .          Rampage  .   (gloves unavailable)
Will    .....                   (boots unavailable)
Stlth   +.........              (no amulet)
HPRegen 0.96/turn               (no ring)
MPRegen 0.09/turn               (no ring)

@: fiery-armoured
A: large, unfitting armour, claws 3, regeneration 1, shaggy fur 1, tough skin 1
a: Renounce Religion, Fiery Armour, Foxfire Swarm, Rising Flame


You were on level 4 of the Dungeon.
You worshipped Ignis.
Ignis was extremely pleased with you.
You visited 1 branch of the dungeon, and saw 4 of its levels.

You collected 178 gold pieces.


Innate Abilities, Weirdness & Mutations

You are too large for most types of armour.
You have claws for hands.
Your natural rate of healing is unusually fast.
You are covered in fur. (AC +1)
You have tough skin. (AC +1)


   Skills:
 - Level 2.4 Fighting
 + Level 3.5 Shields
 - Level 4.0 Unarmed Combat
 - Level 1.0 Spellcasting
 - Level 2.1 Fire Magic


You had 6 spell levels left.
You didn't know any spells.
Your spell library contained the following spells:

 Spells                   Type           Power      Damage    Failure   Level
 Scorch                   Fire           8%         2d5       45%         2

Inventory:

Missiles
 d - 2 boomerangs (quivered)
Armour
 a - a +0 robe (worn)
 b - the +0 kite shield "Vubasyh" (worn) {SInv}
   (You acquired it on level 1 of the Dungeon)

   SInv:      It lets you see invisible.
Scrolls
 f - a scroll of identify
Potions
 e - 2 potions of might
 i - a potion of cancellation
 j - 2 potions of curing

Dungeon Overview and Level Annotations

Branches:
Dungeon (4/15)
 Temple: D:4-7

Altars:
Ashenzari
Ru

Annotations:
D:3 1 runed translucent door, Crazy Yiuf


Message History

The puff of frost hits you!
You claw Blork the orc!
Blork the orc is heavily wounded.
Blork the orc hits you with a +0 hand axe.
Blork the orc is burned by your cloak of flames.
Blork the orc is severely wounded.
The necrophage hits you but does no damage.
The necrophage is burned by your cloak of flames.
The necrophage is lightly damaged.
You claw Blork the orc!
Blork the orc is almost dead.
Blork the orc drinks a potion.
Blork the orc is healed!
The necrophage completely misses you.
You barely miss Blork the orc.
Blork the orc is severely wounded.
The necrophage hits you but does no damage.
The necrophage is burned by your cloak of flames.
The necrophage is moderately damaged.
Blork the orc gestures at you while chanting.
You block the puff of flame.
You barely miss Blork the orc.
Blork the orc is severely wounded.
Blork the orc hits you with a +0 hand axe.
Blork the orc is burned by your cloak of flames.
Blork the orc is almost dead.
The necrophage hits you.
You feel drained.
The necrophage is burned by your cloak of flames.
The necrophage is heavily damaged.
You claw Blork the orc!
You kill Blork the orc!
The necrophage hits you.
The necrophage is burned by your cloak of flames.
The necrophage is severely damaged.
Your life force feels restored.
Your Shields skill increases to level 3!
You have reached level 5!
You scratch the necrophage.
The necrophage is severely damaged.
The necrophage hits you.
You die...

#########.###... #.
.........# #... .#.
######...###... # ..
..............
..###.#################.
......#...... ......%.
........... ..>###..
#...#..).# #.# #..
#.....n@.# #.# #.#
###.#....###### #.###.#
.......%......# #.....#
###.#########.####.#####
# #...........
#..#....#### #..#....#
#..#....# #..###+##


You could see a necrophage.

Vanquished Creatures
  Blork the orc (D:4)
  2 adders (D:2)
  3 dart slugs
  7 endoplasms
  3 giant cockroaches
  4 goblins
  5 hobgoblins
  2 jackals (D:4)
  5 quokkas
  5 ball pythons
  2 bats
  3 frilled lizards
  2 kobolds (D:1)
  4 rats
48 creatures vanquished.

Vanquished Creatures (others)
  5 toadstools (D:1)
5 creatures vanquished.

Grand Total: 53 creatures vanquished

Notes
Turn   | Place    | Note
-------+----------+-------------------------------------------
     0 | D:1      | qw the Troll Cinder Acolyte began the quest for the Orb.
     0 | D:1      | Reached XP level 1. HP: 22/22 MP: 1/1
     0 | D:1      | 0 ||| qw: Version: 0.1-a-95-gae9e614
     0 | D:1      | 0 ||| qw: Game counter: 4405
     0 | D:1      | 0 ||| qw: Always use a shield: true
     0 | D:1      | 0 ||| qw: God list: Okawaru
     0 | D:1      | 0 ||| qw: Allow faded altars: false
     0 | D:1      | 0 ||| qw: Do Orc after D:15 true
     0 | D:1      | 0 ||| qw: Do second Lair branch before Depths: true
     0 | D:1      | 0 ||| qw: Lair rune preference: random
     0 | D:1      | 0 ||| qw: Plans: Normal
     0 | D:1      | 0 ||| PLANNING D:1-11
    92 | D:1      | 92 ||| Stepping ~*~*~tactically~*~*~ (stealth).
    94 | D:1      | 94 ||| Stepping ~*~*~tactically~*~*~ (stealth).
   132 | D:1      | Reached XP level 2. HP: 29/29 MP: 2/2
   393 | D:1      | Reached skill level 4 in Unarmed Combat
   486 | D:1      | 486 ||| READING scroll labelled OSOGROSIOL.
   486 | D:1      | Identified a scroll of acquirement
   486 | D:1      | 486 ||| ACQUIRING +0 kite shield "Vubasyh" {SInv}
   486 | D:1      | Acquired the +0 kite shield "Vubasyh" {SInv}
   488 | D:1      | 488 ||| UPGRADING to +0 kite shield "Vubasyh" {SInv}.
   493 | D:1      | 493 ||| READING scroll labelled BUURPH LUOCOMP.
   494 | D:1      | 494 ||| READING scroll labelled ECLIRA UCAXT.
   495 | D:1      | 495 ||| READING scroll labelled VEERATO NIJESO.
   496 | D:1      | 496 ||| READING scroll labelled UVAESMI ESASO.
   497 | D:1      | 497 ||| Stepping randomly (stuck).
   498 | D:1      | 498 ||| Stepping ~*~*~tactically~*~*~ (cloud).
   564 | D:2      | Found a faded altar of an unknown god.
   585 | D:2      | Reached XP level 3. HP: 33/36 MP: 3/3
   632 | D:2      | Reached skill level 1 in Shields
   749 | D:2      | 749 ||| Stepping ~*~*~tactically~*~*~ (stealth).
   751 | D:2      | 751 ||| Stepping ~*~*~tactically~*~*~ (hiding).
   754 | D:2      | 754 ||| Stepping ~*~*~tactically~*~*~ (hiding).
  1093 | D:2      | 1093 ||| READING scroll labelled WEQ QARASOWN.
  1094 | D:2      | 1094 ||| DRINKING 2 silvery potions.
  1095 | D:2      | 1095 ||| DRINKING 2 golden potions.
  1096 | D:2      | 1096 ||| DRINKING 3 fuming amethyst potions.
  1097 | D:2      | 1097 ||| READING 3 scrolls of identify.
  1097 | D:2      | 1097 ||| IDENTIFYING black potion
  1098 | D:2      | 1098 ||| READING 2 scrolls of identify.
  1098 | D:2      | 1098 ||| IDENTIFYING bubbling puce potion
  1099 | D:2      | 1099 ||| DROPPING potion of invisibility.
  1100 | D:2      | 1100 ||| DROPPING potion of lignification.
  1225 | D:3      | Found a broken altar of Ashenzari.
  1227 | D:3      | Found a sacrificial altar of Ru.
  1297 | D:3      | Reached XP level 4. HP: 44/44 MP: 4/4
  1435 | D:3      | Found a faded altar of an unknown god.
  1609 | D:3      | Found a runed translucent door.
  1610 | D:3      | Noticed Crazy Yiuf
  1748 | D:3      | 1748 ||| READING scroll labelled LUTOCS NAOQY.
  1751 | D:3      | 1751 ||| READING scroll labelled QUVOMU LORIOST.
  1773 | D:3      | 1773 ||| READING scroll labelled GINWOGI SEBI.
  1774 | D:3      | 1774 ||| READING 3 scrolls of identify.
  1774 | D:3      | 1774 ||| IDENTIFYING ruby potion
  1775 | D:3      | 1775 ||| READING 2 scrolls of identify.
  1775 | D:3      | 1775 ||| IDENTIFYING green potion
  1776 | D:3      | 1776 ||| DROPPING potion of brilliance.
  1777 | D:3      | 1777 ||| DROPPING potion of degeneration.
  1873 | D:3      | 1873 ||| Stepping randomly (stuck).
  1955 | D:4      | Noticed Blork the orc
  1961 | D:4      | Noticed a necrophage
  1966 | D:4      | 1966 ||| INVOKING Fiery Armour.
  1968 | D:4      | HP: 10/44 [Blork the orc/+0 hand axe (3)]
  1971 | D:4      | HP: 4/43 [necrophage (2)]
  1972 | D:4      | Killed Blork the orc
  1972 | D:4      | HP: 1/43 [necrophage (4)]
  1973 | D:4      | Reached skill level 3 in Shields
  1973 | D:4      | Reached XP level 5. HP: 1/50 MP: 5/5
  1973 | D:4      | Slain by a necrophage

Levels and vault maps discovered:
D:1:      ldierk_walled_garden, layout_rooms
D:2:      layout_rooms, basic_ecumenical_altar, kennysheep_generic_room_12
D:3:      layout_basic, nicolae_overflow_ecumenical_swirl,
          mainiacjoe_overflow_divided_tiny, minmay_cut_off,
          uniq_crazy_yiuf_cottage
D:4:      layout_basic, nemelex_diamond_rough_becter,
          mainiacjoe_overflow_alcove_2, uniq_robin, uniq_blork_the_orc

Skill      XL: |  1  2  3  4 |
---------------+-------------+-----
Unarmed Combat | 4 |  4.0
Shields        | 2 3 |  3.5
Fighting       | |  2.4
Spellcasting   | |  1.0
Fire Magic     | |  2.1

Action                   |  1- 3 |  4- 6 || total
-------------------------+-------+-------++-------
Melee: Unarmed           |   101 |    26 ||   127
       Punch             |     1 |       ||     1
Throw: Boomerang         |    10 |     5 ||    15
Invok: Fiery Armour      |       |     1 ||     1
  Use: Scroll            |     8 |     5 ||    13
       Potion            |     3 |       ||     3
Armor: Robe              |    19 |     6 ||    25
Dodge: Dodged            |    28 |     7 ||    35
Block: Kite shield       |     9 |     7 ||    16

Table legend:
 A = Non-vault XP
 B = Vault XP
 C = Vault XP percentage of total XP
 D = Non-vault monster count
 E = Vault monster count
 F = Vault count percentage of total count
                 A         B        C        D         E       F
            +---------+---------+-------+---------+---------+-------
      Total |     109 |      96 |  46.8 |      45 |       3 |   6.2
            +---------+---------+-------+---------+---------+-------
        D:1 |      29 |       0 |   0.0 |      18 |       0 |   0.0
        D:2 |      55 |       0 |   0.0 |      15 |       0 |   0.0
        D:3 |      15 |       2 |  11.8 |       8 |       2 |  20.0
        D:4 |      10 |      94 |  90.4 |       4 |       1 |  20.0
            +---------+---------+-------+---------+---------+-------
